 Dungeon Crawl Stone Soup version 0.29.1-2-gbd0b4ee654 (webtiles) character file.

Game seed: 7135835848407151214

201 Anriel the Chopper (level 6, 0/46 HPs)
             Began as a Human Gladiator on Oct 26, 2022.
             Was an Initiate of Uskayaw.
             Slain by a gnoll bouda
             ... wielding a +0 whip
              (4 damage)
             ... on level 4 of the Dungeon.
             The game lasted 00:16:10 (2638 turns).

Anriel the Chopper (Human Gladiator)                Turns: 2638, Time: 00:16:11

Health: 0/46       AC:  7    Str: 14    XL:     6   Next: 7%
Magic:  4/7        EV: 16    Int:  8    God:    Uskayaw [......]
Gold:   147        SH:  0    Dex: 17    Spells: 5/5 levels left

rFire   . . .      SeeInvis +   n - +1 hand axe (flame)
rCold   . . .      Faith    .   (no shield)
rNeg    . . .      Spirit   .   j - +0 ring mail
rPois   .          Reflect  .   c - +0 helmet
rElec   .          Harm     .   m - +0 cloak
rCorr   .          Rampage  .   (no gloves)
Will    .....                   (no boots)
Stlth   +.........              (no amulet)
HPRegen 0.15/turn               g - +4 ring of evasion
MPRegen 0.10/turn               o - ring of see invisible

@: no status effects
A: no striking features
a: Renounce Religion


You were on level 4 of the Dungeon.
You worshipped Uskayaw.
Uskayaw was noncommittal.
You visited 2 branches of the dungeon, and saw 5 of its levels.

You collected 147 gold pieces.

Inventory:

Hand Weapons
 a - a +0 war axe
 n - a +1 hand axe of flaming (weapon)
 t - the +1 dagger of the Hammering Ass {freeze, rElec rF+ Int+3}
   (You found it on level 3 of the Dungeon)

   It freezes those it strikes, dealing additional cold damage.
   It can also slow down cold-blooded creatures.
   Int:       It affects your intelligence (+3).
   rF:        It protects you from fire.
   rElec:     It insulates you from electricity.
Missiles
 d - 3 throwing nets (quivered)
 w - a javelin
Armour
 b - a +0 leather armour
 c - a +0 helmet (worn)
 j - a +0 ring mail (worn)
 m - a +0 cloak (worn)
Jewellery
 g - a +4 ring of evasion (left hand)
 o - a ring of see invisible (right hand)
Wands
 e - a wand of flame (11)
 l - a wand of mindburst (10)
Scrolls
 k - a scroll of teleportation
Potions
 i - a potion of magic {unknown}
 p - a potion of mutation {unknown}
 q - a potion of flight {unknown}
 r - a potion of heal wounds {unknown}
 s - a potion of invisibility {unknown}
 u - a potion of attraction {unknown}
 v - a potion of haste {unknown}


   Skills:
 + Level 2.5 Fighting
 + Level 5.1 Axes
 + Level 2.0 Throwing
 + Level 1.4 Armour
 + Level 3.6 Dodging
 * Level 1.3 Invocations


You had 5 spell levels left.
You didn't know any spells.
Your spell library contained the following spells:

 Spells                   Type           Power      Damage    Failure   Level
 Beastly Appendage        Tmut           0%         N/A       65%         1
 Foxfire                  Conj/Fire      0%         2x1d4     65%         1
 Wereblood                Tmut           0%         N/A       80%         2
 Conjure Flame            Conj/Fire      0%         6-21      95%         3
 Inner Flame              Hex/Fire       0%         N/A       95%         3
 Ozocubu's Armour         Ice            0%         N/A       95%         3
 Spider Form              Tmut/Pois      0%         N/A       95%         3
 Stone Arrow              Conj/Erth      0%         3d7       95%         3
 Animate Armour           Summ/Erth      0%         N/A       100%        4
 Flame Wave               Conj/Fire      0%         2d4       100%        4
 Ozocubu's Refrigeration  Ice            0%         4d7       100%        7
 Lehudib's Crystal Spear  Conj/Erth      0%         10d2      100%        8


Dungeon Overview and Level Annotations

Branches:
Dungeon (4/15)             Temple (1/1) D:4

Altars:
Ashenzari
Cheibriados
Dithmenos
Fedhas
Gozag
Kikubaaqudgha
Nemelex Xobeh
Okawaru
Qazlal
Sif Muna
Trog
Uskayaw
Vehumet
Wu Jian
Xom
Yredelemnul
Zin
The Shining One


Message History

You feel better.
You feel less invigorated. The gnoll hits you but does no damage.
The gnoll misses you. The gnoll completely misses you.
The gnoll barely misses you. x2
The gnoll bouda hits you with a +0 whip.
* * * LOW HITPOINT WARNING * * *
You hit the gnoll bouda but do no damage.
You hit the gnoll. You burn the gnoll. You barely miss the gnoll.
You hit the gnoll. You burn the gnoll. The gnoll closely misses you.
The gnoll completely misses you. The gnoll closely misses you. x2
The gnoll bouda misses you.
You can now stomp with the beat.
You hit the gnoll bouda. You burn the gnoll bouda.
The gnoll bouda is lightly wounded.
You hit the gnoll but do no damage. You closely miss the gnoll.
You hit the gnoll. You burn the gnoll.
You kill the gnoll!
The gnoll misses you. The gnoll hits you with a +0 spear.
* * * LOW HITPOINT WARNING * * *
The gnoll closely misses you. The gnoll misses you.
The gnoll bouda hits you with a +0 whip!
* * * LOW HITPOINT WARNING * * *
You feel better.
The gnoll hits you from afar with a +0 spear.
* * * LOW HITPOINT WARNING * * *
The gnoll completely misses you. The gnoll hits you with a +0 spear.
* * * LOW HITPOINT WARNING * * *
The gnoll barely misses you. The scorpion misses you.
The gnoll closely misses you.
The gnoll bouda hits you but does no damage.
You stomp with the beat, sending a shockwave through the revellers around you!
The gnoll bouda is heavily wounded.
You kill the gnoll!
The gnoll is severely wounded.
The scorpion is moderately wounded.
The gnoll is moderately wounded.
You can no longer stomp with the beat.
The gnoll is no longer moving quickly.
The gnoll closely misses you. The scorpion completely misses you.
The gnoll misses you. The gnoll closely misses you.
The gnoll hits you but does no damage.
The gnoll bouda hits you with a +0 whip.
You die...

#......#######
#............#
#.....######.#######
###.#...#####..##...####.
......#.##...#...........
.###.........###....###
#####........###.g..#
................gg..###
.##..........###@gg.>.#
.....#.###...# #os..#...
.....#.. #...# ..g..#..g#
.....##.#######.#...# ..#
.....# #.##.## .# .....#
#. .. ....... .. ...
.......# .. .##. ........


You could see a gnoll bouda, a scorpion, 4 gnolls, an orc and a hobgoblin.

Vanquished Creatures
  2 orc priests (D:3)
  An iguana (D:4)
  3 gnolls (D:4)
  3 adders
  A worm (D:2)
  2 dart slugs (D:2)
  3 orcs (D:3)
  3 endoplasms
  5 giant cockroaches
  3 goblins
  3 hobgoblins
  7 jackals
  7 kobolds
  3 quokkas
  6 ball pythons
  4 bats
  4 frilled lizards
  5 rats
65 creatures vanquished.

Notes
Turn   | Place    | Note
-------+----------+-------------------------------------------
     0 | D:1      | Anriel the Human Gladiator began the quest for the Orb.
     0 | D:1      | Reached XP level 1. HP: 16/16 MP: 1/1
   134 | D:1      | Reached XP level 2. HP: 12/22 MP: 2/2
   369 | D:1      | Found a faded altar of an unknown god.
   567 | D:1      | Reached XP level 3. HP: 27/27 MP: 3/3
  1009 | D:2      | Reached skill level 4 in Axes
  1044 | D:2      | Reached XP level 4. HP: 28/34 MP: 4/4
  1578 | D:3      | Identified the +1 dagger of the Hammering Ass {freeze,
                  | rElec rF+ Int+3}
  1769 | D:3      | Reached skill level 1 in Armour
  1769 | D:3      | Reached XP level 5. HP: 19/39 MP: 5/5
  2095 | D:3      | Found a radiant altar of Vehumet.
  2100 | D:3      | Found a blossoming altar of Fedhas.
  2101 | D:3      | Found an ornate altar of the Wu Jian Council.
  2103 | D:3      | Found a shimmering blue altar of Sif Muna.
  2104 | D:3      | Found an iron altar of Okawaru.
  2104 | D:3      | Found a hide-covered altar of Uskayaw.
  2107 | D:3      | Found a shadowy altar of Dithmenos.
  2122 | D:3      | Became a worshipper of Uskayaw the Reveller
  2210 | D:3      | Reached * piety under Uskayaw
  2215 | D:3      | Reached skill level 5 in Axes
  2399 | D:4      | Reached ** piety under Uskayaw
  2403 | D:4      | Reached skill level 1 in Invocations
  2410 | D:4      | Found a staircase to the Ecumenical Temple.
  2430 | Temple   | Entered the Ecumenical Temple
  2628 | D:4      | Reached XP level 6. HP: 21/46 MP: 3/7
  2636 | D:4      | HP: 2/46 [gnoll bouda/+0 whip (9)]
  2638 | D:4      | Slain by a gnoll bouda

Illustrated notes

Levels and vault maps discovered:
D:1:      minmay_arrival_nine_rooms, layout_rooms, basic_ecumenical_altar,
          feat_on_display
D:2:      layout_basic, serial_aquarium, aquarium_bridge_square
          [aquarium_subvault_window, aquarium_subvault_bridge,
          aquarium_subvault_wall, aquarium_subvault_bridge],
          aquarium_window_corridor_3, aquarium_window_corner, aquarium_window_2,
          aquarium_view_2c, aquarium_view_2d, aquarium_balcony_double_4
D:3:      layout_rooms, nicolae_overflow_hallway_of_the_gods,
          minmay_stone_trees_small
D:4:      layout_rooms, minmay_temple_entry_statues_fountains
Temple:   nicolae_temple_ecumenical_triangle

Skill      XL: |  1  2  3  4  5 |
---------------+----------------+-----
Axes           | 4 5 |  5.1
Armour         | 1 |  1.4
Invocations    | 1 |  1.3
Fighting       | |  2.5
Throwing       | |  2.0
Dodging        | |  3.6

Action                   |  1- 3 |  4- 6 || total
-------------------------+-------+-------++-------
Melee: War axe           |    89 |    44 ||   133
       Punch             |     2 |     1 ||     3
       Hand axe          |       |    28 ||    28
Throw: Javelin           |     2 |     3 ||     5
Invok: Stomp             |       |     3 ||     3
  Use: Scroll            |       |     6 ||     6
       Potion            |       |     4 ||     4
Armor: Leather armour    |     7 |       ||     7
       Ring mail         |    20 |    25 ||    45
Dodge: Dodged            |    63 |   127 ||   190
